 Dungeon Crawl Stone Soup version 0.30-a0-414-gcb316572d5 (webtiles) character file.

Game seed: 4667240004314147770

36999 experimilk the Devastator (level 13, -12/86 HPs)
             Began as a Red Draconian Conjurer on Dec 7, 2022.
             Was an Elder of Vehumet.
             Mangled by a boulder beetle (44 damage)
             ... on level 4 of the Lair of Beasts on Dec 8, 2022.
             The game lasted 00:54:47 (24445 turns).

experimilk the Devastator (Red Draconian Conjurer) Turns: 24445, Time: 00:54:47

Health: -12/86     AC: 13    Str: 11    XL:     13   Next: 56%
Magic:  3/32       EV: 31    Int: 33    God:    Vehumet [****..]
Gold:   730        SH:  6    Dex:  9    Spells: 24/42 levels left

rFire   + . .      SeeInvis .    O - +8 whip "Cehacul" {chaos, Int+4}
rCold   . . .      Faith    .    B - +1 buckler
rNeg    . . .      Spirit   .    (body armour unavailable)
rPois   .          Reflect  .    E - +2 hat {Stlth+}
rElec   .          Harm     .    v - +1 cloak
rCorr   .          Rampage  .    Q - +0 pair of gloves
Will    .....                    (no boots)
Stlth   +++.......               l - amulet of the acrobat
HPRegen 0.34/turn                K - +6 ring of intelligence
MPRegen 0.23/turn                m - +4 ring of evasion

@: short of breath, acrobatic
A: breathe fire, AC +8, unfitting armour, fire resistance 1, cold-blooded
a: Breathe Fire, Renounce Religion


You were on level 4 of the Lair of Beasts.
You worshipped Vehumet.
Vehumet was greatly pleased with you.
You visited 3 branches of the dungeon, and saw 15 of its levels.

You collected 730 gold pieces.

Inventory:

Hand Weapons
 d - a +4 scimitar
 O - the +8 whip "Cehacul" (weapon) {chaos, Int+4}
   (You found it on level 5 of the Dungeon)

   Each time it hits an enemy it has a different, random effect.
   Int:       It affects your intelligence (+4).
Armour
 v - a +1 cloak (worn)
 z - a +0 kite shield
 B - a +1 buckler (worn)
 C - an orb of guile
 E - a +2 hat of stealth (worn)
 Q - a +0 pair of gloves (worn)
Magical Staves
 c - a staff of conjuration
 o - a staff of cold
Jewellery
 l - an amulet of the acrobat (around neck)
 m - a +4 ring of evasion (right hand)
 p - a +6 ring of dexterity
 F - a ring of fire
 G - a ring of ice
 I - a +6 ring of strength
 K - a +6 ring of intelligence (left hand)
Wands
 a - a wand of polymorph (5)
 g - a wand of paralysis (12)
 j - a wand of flame (10)
Scrolls
 b - 5 scrolls of teleportation
 e - a scroll of magic mapping
 f - 4 scrolls of vulnerability
 i - a scroll of noise {unknown}
 k - a scroll of fear {unknown}
 s - a scroll of torment
 u - a scroll of amnesia
 y - 4 scrolls of enchant weapon
 A - a scroll of blinking {unknown}
 H - a scroll of fog {unknown}
 L - a scroll of summoning
 P - a scroll of immolation
 R - a scroll of silence {unknown}
Potions
 h - 4 potions of curing
 n - 5 potions of attraction
 q - 3 potions of haste
 r - a potion of mutation
 t - 2 potions of brilliance
 x - a potion of resistance
 D - a potion of ambrosia
 J - a potion of heal wounds
 M - a potion of cancellation {unknown}
 N - a potion of degeneration {unknown}


   Skills:
 - Level 3.0 Dodging
 - Level 1.7 Stealth
 * Level 5.7 Shields
 - Level 15.0 Spellcasting
 - Level 15.0 Conjurations
 + Level 4.6 Fire Magic
 + Level 4.2 Poison Magic
 - Level 3.0 Evocations


You had 24 spell levels left.
You knew the following spells:

 Your Spells              Type           Power      Damage    Failure   Level
a - Mephitic Cloud        Conj/Pois/Air  61%        N/A       1%          3
b - Magic Dart            Conj           100%       1d8       0%          1
d - Kindle Blastsparks    Fire/Tloc/Air  68%        2d15      1%          3
s - Ignite Poison         Fire/Tmut/Pois 44%        N/A       1%          3
v - Momentum Strike       Conj/Tloc      100%       3d10      1%          2
x - Iskenderun's Mystic   Conj/Tloc      65%        2d13      1%          4
z - Searing Ray           Conj           100%       2d8       0%          2

Your spell library contained the following spells:

 Spells                   Type           Power      Damage    Failure   Level
 Frozen Ramparts          Ice            48%        1d8       1%          3
 Dazzling Flash           Conj/Hex       100%       N/A       1%          3
 Fulminant Prism          Conj/Hex       32%        3d15      1%          4
 Slow                     Hex            96%        N/A       2%          1
 Freezing Cloud           Conj/Ice/Air   27%        6-21      2%          5
 Confusing Touch          Hex            24%        N/A       6%          3
 Vampiric Draining        Necr           24%        2d7       6%          3
 Lee's Rapid Deconstruct  Erth           12%        3d8*      16%         5


Dungeon Overview and Level Annotations

Branches:
Dungeon (10/15)            Temple (1/1) D:7            Lair (4/5) D:9
 Shoals (0/4) Lair:3       Spider (0/4) Lair:2        Slime (0/5) Lair:4
    Orc: D:9-12

Altars:
Cheibriados
Dithmenos
Elyvilon
Fedhas
Gozag
Hepliaklqana
Kikubaaqudgha
Makhleb
Nemelex Xobeh
Okawaru
Qazlal
Ru
Sif Muna
Trog
Uskayaw
Vehumet
Wu Jian
Xom
Yredelemnul
Zin
The Shining One
Jiyva

Shops:
D:1 (   D:3 *   D:8 *

Annotations:
D:8 2 runed translucent doors


Innate Abilities, Weirdness & Mutations

You can breathe blasts of fire.
Your fiery red scales are hard. (AC +8)
You cannot fit into any form of body armour.
Your flesh is heat resistant. (rF+)
You are cold-blooded and may be slowed by cold attacks.


Message History

The boulder beetle is knocked back by the mystic blast.
The mystic blast hits the boulder beetle!
The boulder beetle is severely wounded.
The boulder beetle is knocked back by the mystic blast.
Unknown command.
Unknown command.
You hit the boulder beetle. You freeze the boulder beetle.
The boulder beetle is severely wounded.
A nearby plant withers and dies.
The boulder beetle barely misses you.
Unknown command.
You hit the boulder beetle but do no damage.
The boulder beetle seems to speed up.
The boulder beetle is severely wounded.
The boulder beetle closely misses you.
Unknown command.
You barely miss the boulder beetle.
You tail-slap the boulder beetle, but do no damage.
The boulder beetle is severely wounded.
The boulder beetle barely misses you.
The boulder beetle curls into a ball and begins rolling!
You block the boulder beetle's attack.
Unknown command.
You hit the boulder beetle.
The boulder beetle flickers and vanishes!
Deactivating autopickup; reactivate with Ctrl-A.
Something bites you! The boulder beetle hits you!!
The boulder beetle stops rolling and uncurls.
Unknown command.
Casting: Iskenderun's Mystic Blast (safe; 1% risk of failure)
Confirm with . or Enter, or press ? or * to list all spells.
You erupt in a blast of force!
The mystic blast hits the boulder beetle.
The boulder beetle is moderately wounded.
The boulder beetle is knocked back by the mystic blast.
Unknown command.
Unknown command.
The boulder beetle curls into a ball and begins rolling!
Something hits you!!!
Ouch! That really hurt!
You die...

..# .♣.~~ #♣...♣#.. ..# ♣.♣ .♣
♣). ♣♣.♣♣#..
..###.#####################.###..
.............<...................
.................................
.................................
.............○...................
..............○..................
................@................
....................B............
.................................
.................................
#..##.##.##.##.##.#.#..P.#..#.###
########.#######.############## #
### ##


You could see a boulder beetle (rolling).

Vanquished Creatures
  Gastronok (D:8)
  Snorg (Lair:3)
  4 hydras
  7 death yaks
  A boulder beetle (Lair:4)
  2 two-headed ogres
  A tengu warrior (D:10)
  Sonja (Lair:3)
  A merfolk siren (Lair:3)
  4 black mambas
  2 torpor snails
  4 elephants
  Maggie (D:8)
  7 komodo dragons
  5 cane toads
  A rime drake (Lair:2)
  A yaktaur (D:10)
  2 polar bears (Lair:3)
  A troll (D:9)
  Grinder (D:4)
  A slime creature (Lair:4)
  15 blink frogs
  A jumping spider (Lair:2)
  42 yaks
  A vampire (D:9)
  A wyvern (Lair:3)
  5 basilisks
  A redback (Lair:2)
  Eustachio (D:4)
  2 vampire mosquitoes (D:10)
  8 water moccasins
  2 acid dragons
  2 orc warriors
  2 sky beasts
  6 ice beasts
  2 ogres
  2 centaurs (D:9)
  18 wolves
  A phantom (D:4)
  3 kobold brigands
  4 scorpions
  7 bullfrogs
  A gnoll sergeant (D:10)
  5 wights (D:9)
  15 killer bees
  3 howler monkeys
  An electric eel (D:10)
  8 jellies
  7 orc priests
  4 hounds
  A gnoll bouda (D:7)
  Terence (D:3)
  5 iguanas
  14 orc wizards
  A centaur simulacrum (D:10)
  10 adders
  4 gnolls (D:7)
  2 white imps
  An ufetubus (D:5)
  3 worms (D:2)
  5 dart slugs
  24 orcs
  5 bats
  10 endoplasms
  2 giant cockroaches
  13 goblins
  3 hobgoblins
  7 jackals
  19 kobolds
  2 quokkas
  5 ball pythons
  3 frilled lizards
  2 rats
361 creatures vanquished.

Vanquished Creatures (collateral kills)
  A centaur warrior (D:10)
  A wight (D:9)
2 creatures vanquished.

Vanquished Creatures (others)
  A yak (D:9)
  A white imp (D:10)
  A quokka (D:9)
  46 fungi
  58 plants
107 creatures vanquished.

Grand Total: 470 creatures vanquished

Notes
Turn   | Place    | Note
-------+----------+-------------------------------------------
     0 | D:1      | experimilk the Draconian Conjurer began the quest for the
                  | Orb.
     0 | D:1      | Reached XP level 1. HP: 14/14 MP: 3/3
   278 | D:1      | Found Riacic's Antique Weapon Emporium.
   396 | D:1      | Reached XP level 2. HP: 20/20 MP: 3/5
   400 | D:1      | Learned a level 2 spell: Searing Ray
  1100 | D:2      | Reached skill level 5 in Conjurations
  1135 | D:2      | Reached XP level 3. HP: 26/26 MP: 3/6
  1288 | D:2      | Found an ornate altar of the Wu Jian Council.
  1349 | D:2      | HP: 1/26 [worm (6)]
  2325 | D:3      | Reached XP level 4. HP: 33/33 MP: 2/7
  2494 | D:3      | Found an opulent altar of Gozag.
  2502 | D:3      | Found Gozag's Platinum Reserve.
  2997 | D:3      | Noticed Terence
  3006 | D:3      | Killed Terence
  3007 | D:3      | Reached XP level 5. HP: 38/38 MP: 4/8
  3078 | D:3      | Found a faded altar of an unknown god.
  3467 | D:4      | Noticed an ogre
  3472 | D:4      | Killed an ogre
  3652 | D:4      | Noticed Eustachio
  3655 | D:4      | Reached XP level 6. HP: 45/45 MP: 5/9
  3666 | D:4      | Killed Eustachio
  3998 | D:4      | Noticed Grinder
  4002 | D:4      | Paralysed by Grinder for 5 turns
  4013 | D:4      | Killed Grinder
  4014 | D:4      | Your scales start taking on a fiery red colour.
  4014 | D:4      | Reached XP level 7. HP: 41/50 MP: 0/10
  4014 | D:4      | Gained mutation: Your flesh is heat resistant. (rF+) [Red
                  | Draconian growth]
  4096 | D:4      | Learned a level 4 spell: Iskenderun's Mystic Blast
  4515 | D:4      | Found a basalt altar of Yredelemnul.
  4620 | D:5      | Entered Level 5 of the Dungeon
  4738 | D:5      | Identified the +8 whip "Cehacul" {chaos, Int+4}
  5311 | D:5      | Reached XP level 8. HP: 57/57 MP: 5/12
  5392 | D:5      | Reached skill level 10 in Conjurations
  6765 | D:6      | Noticed a two-headed ogre
  6826 | D:7      | Found a staircase to the Ecumenical Temple.
  7121 | D:7      | Reached XP level 9. HP: 62/62 MP: 4/16
  7129 | D:7      | Reached skill level 5 in Spellcasting
  7348 | Temple   | Entered the Ecumenical Temple
  7373 | Temple   | Became a worshipper of Vehumet
  8290 | D:7      | Found a shimmering blue altar of Sif Muna.
  8394 | D:6      | Killed a two-headed ogre
  9187 | D:8      | Noticed Gastronok
  9544 | D:8      | Found a runed translucent door.
  9546 | D:8      | Noticed Maggie
  9566 | D:8      | Killed Maggie
  9796 | D:8      | Found a stormy altar of Qazlal.
 10130 | D:8      | Reached XP level 10. HP: 69/69 MP: 16/21
 10414 | D:8      | Reached * piety under Vehumet
 10414 | D:8      | Offered knowledge of Kiss of Death by Vehumet.
 10665 | D:8      | Found Siyfaqel's Gadget Gallery.
 10824 | D:8      | Killed Gastronok
 11260 | D:8      | Found a runed translucent door.
 11450 | D:9      | Found a sacrificial altar of Ru.
 11615 | D:9      | Offered knowledge of Momentum Strike by Vehumet.
 11616 | D:9      | Reached ** piety under Vehumet
 11701 | D:9      | Found a white marble altar of Elyvilon.
 11703 | D:9      | Identified the +1 flail "Transmigrator" {vamp, rF+ Stlth+}
 12010 | D:9      | HP: 2/69 [vampire/vampiric draining (13)]
 12321 | D:9      | Learned a level 2 spell: Momentum Strike
 12458 | D:9      | Found a staircase to the Lair.
 12515 | D:9      | Reached XP level 11. HP: 74/74 MP: 15/24
 12778 | D:10     | Entered Level 10 of the Dungeon
 12843 | D:10     | Offered knowledge of Mephitic Cloud by Vehumet.
 12848 | D:10     | Learned a level 3 spell: Mephitic Cloud
 13715 | D:10     | Reached *** piety under Vehumet
 13718 | D:10     | Reached skill level 15 in Conjurations
 13795 | D:10     | Noticed a two-headed ogre
 13807 | D:10     | Killed a two-headed ogre
 13813 | D:10     | Reached skill level 1 in Evocations
 13834 | D:10     | Noticed a centaur warrior
 13904 | D:10     | Noticed a tengu warrior
 13909 | D:10     | Killed a tengu warrior
 13938 | D:10     | Killed a centaur warrior
 14118 | D:10     | Noticed a white ugly thing
 14133 | D:10     | Noticed an ogre mage
 14264 | Lair:1   | Entered Level 1 of the Lair of Beasts
 14284 | Lair:1   | Noticed a death yak
 14285 | Lair:1   | Noticed a death yak
 14289 | Lair:1   | Noticed a death yak
 14291 | Lair:1   | Noticed a death yak
 14295 | Lair:1   | Killed a death yak
 14298 | Lair:1   | Killed a death yak
 14299 | Lair:1   | Reached skill level 10 in Spellcasting
 14299 | Lair:1   | Killed a death yak
 14305 | Lair:1   | Killed a death yak
 14587 | Lair:1   | Offered knowledge of Ignite Poison by Vehumet.
 14597 | Lair:1   | Reached XP level 12. HP: 60/81 MP: 8/27
 15011 | Lair:1   | Learned a level 3 spell: Ignite Poison
 15288 | Lair:1   | Learned a level 3 spell: Kindle Blastsparks
 15705 | Lair:1   | Reached skill level 1 in Poison Magic
 16240 | Lair:2   | Reached skill level 1 in Fire Magic
 17624 | Lair:2   | Found a hole to the Spider Nest.
 17754 | Lair:2   | Noticed a five-headed hydra
 17764 | Lair:2   | Killed a five-headed hydra
 18787 | Lair:3   | Noticed Sonja
 18806 | Lair:3   | Killed Sonja
 18885 | Lair:3   | Noticed a six-headed hydra
 19066 | Lair:3   | Noticed a four-headed hydra
 19089 | Lair:3   | Reached **** piety under Vehumet
 19092 | Lair:3   | Offered knowledge of Frozen Ramparts by Vehumet.
 19479 | Lair:3   | Noticed Snorg
 19502 | Lair:3   | Killed Snorg
 19811 | Lair:3   | Reached XP level 13. HP: 86/86 MP: 12/31
 20475 | Lair:3   | Found a staircase to the Shoals.
 21834 | Lair:4   | Reached skill level 15 in Spellcasting
 22722 | Lair:4   | Reached skill level 5 in Shields
 23643 | Lair:4   | Found a viscous altar of Jiyva.
 23645 | Lair:4   | Found a staircase to the Slime Pits.
 24362 | Lair:4   | Found the +5 demon whip "Spellbinder" {antimagic, Will+}
 24445 | Lair:4   | Mangled by a boulder beetle

Illustrated notes

Levels and vault maps discovered:
D:1:      minmay_arrival_three_doors, layout_loops_ring, serial_shops,
          nicolae_shop_stone, kennysheep_another_room
D:2:      layout_basic, basic_altar, feat_on_display
D:3:      layout_loops_cross, nicolae_gozag_zags_fifth_avenue,
          dreamdust_ecumenical_altar_sealed_demon, minmay_misc_feat_five,
          uniq_terence
D:4:      nicolae_cairo_tiling, layout_cave_pools, mainiacjoe_overflow_alcove_4,
          uniq_grinder, uniq_eustachio
D:5:      layout_loops_ring, chequers_big_river
D:6:      layout_cave_pools
D:7:      layout_rooms, kennysheep_orc_sif_temple,
          minmay_temple_entry_proselytizer
D:8:      cheibrodos_histonic, layout_basic, grunt_qazlal_clouds,
          nicolae_shop_gadgets, uniq_maggie, uniq_gastronok
D:9:      layout_rooms, nicolae_ru_sacrificial_ziggurat, elyvilon_altar_4,
          grunt_lair_entry_orc_guard_hut, minmay_diced_spiral
D:10:     layout_basic, nicolae_overflow_crystal_walls, serial_ice,
          serial_ice_e, serial_ice_l, serial_ice_d, serial_ice_a,
          minmay_misc_feat_ornament, minmay_pinched_square
Temple:   hellmonk_temple_of_storms
Lair:1:   layout_gridlike, grunt_megastairs_1
Lair:2:   layout_regular_city, spider_nest_entry_a
Lair:3:   layout_roguey, minmay_shoals_entry_lonely_mermaid,
          chequers_serial_rivers_micro_d, grunt_megastairs_4, uniq_snorg,
          uniq_sonja
Lair:4:   nzn_winding_woodlands_large [nzn_winding_woodlands_5x5_perimeter,
          nzn_winding_woodlands_5x15_crooked, nzn_winding_woodlands_hourglass,
          nzn_winding_woodlands_center_lodge,
          nzn_winding_woodlands_15x15_boxy_spiral,
          nzn_winding_woodlands_center_triple_pond,
          nzn_winding_woodlands_5x5_default,
          nzn_winding_woodlands_5x15_pathside_ponds,
          nzn_winding_woodlands_5x5_open_star], layout_regular_city,
          minmay_slime_entry_pillars, serial_rivers,
          chequers_serial_rivers_large_a, chequers_serial_rivers_small_a,
          chequers_serial_rivers_room_b, chequers_serial_rivers_micro_b,
          st_stairs_8, nzn_sisyphean_effort, lemuel_fruit_tree

Skill      XL: |  1  2  3  4  5  6  7  8  9 10 11 12 13 |
---------------+----------------------------------------+-----
Conjurations   | 5 6 7 8 9 11 12 14 15 | 15.0
Spellcasting   | 3 4 7 9 11 14 15 | 15.0
Shields        | 3 5 |  5.7
Dodging        | 3 |  3.0
Evocations     | 3 |  3.0
Poison Magic   | 3 4 |  4.2
Fire Magic     | 3 4 |  4.6
Stealth        | |  1.7

Action                   |  1- 3 |  4- 6 |  7- 9 | 10-12 | 13-15 || total
-------------------------+-------+-------+-------+-------+-------++-------
Melee: Staff             |    11 |     5 |    23 |    21 |       ||    60
       Tailslap          |     4 |     2 |     4 |     2 |     7 ||    19
       Whip              |       |       |       |     8 |    26 ||    34
 Cast: Magic Dart        |    75 |    69 |    99 |   119 |    18 ||   380
       Searing Ray       |     2 |    10 |    69 |   112 |    36 ||   229
       Iskenderun's Myst |       |       |     3 |    39 |    38 ||    80
       Momentum Strike   |       |       |       |    13 |       ||    13
       Mephitic Cloud    |       |       |       |    29 |    37 ||    66
       Ignite Poison     |       |       |       |    13 |    26 ||    39
 Abil: Breathe Fire      |       |       |    17 |    43 |    11 ||    71
Evoke: Wand              |       |       |     1 |       |       ||     1
  Use: Scroll            |     2 |     1 |     9 |    15 |     2 ||    29
       Potion            |       |     2 |     3 |     3 |     1 ||     9
 Stab: Sleeping          |       |       |       |       |     1 ||     1
Armor: Skin              |     3 |     3 |    19 |    42 |     7 ||    74
Dodge: Dodged            |     4 |    10 |    49 |   182 |    42 ||   287
Block: Buckler           |       |       |     9 |    56 |     8 ||    73

Table legend: (Time is in decaauts)
 A = Elapsed time spent in this place.
 B = Non-inter-level travel time spent in this place.
 C = Inter-level travel time spent in this place.
 D = Time resting spent in this place.
 E = Time spent auto-exploring this place.
 F = Levels seen in this place.
 G = Mean time per level.
                   A        B        C        D        E       F      G
               +--------+--------+--------+--------+--------+-----+--------+
         Total |  24581 |  23779 |    802 |  10473 |   9946 |  15 | 1638.7 |
       Dungeon |  14464 |  13859 |    605 |   4678 |   7340 |  10 | 1446.4 |
        Temple |     45 |     45 |      0 |      0 |     12 |   1 |   45.0 |
          Lair |  10071 |   9875 |    196 |   5795 |   2593 |   4 | 2517.8 |
               +--------+--------+--------+--------+--------+-----+--------+

Top non-repeatable levels by time:
  Lair:3: 3399 daAuts
  Lair:4: 2656 daAuts
     D:7: 2342 daAuts
     D:8: 2333 daAuts
  Lair:1: 2315 daAuts
  Lair:2: 1699 daAuts
    D:10: 1424 daAuts
     D:4: 1311 daAuts
     D:5: 1254 daAuts
     D:2: 1253 daAuts
     D:6: 1217 daAuts
     D:9: 1162 daAuts
     D:3: 1099 daAuts
     D:1: 1068 daAuts
  Temple: 45 daAuts
